 Dungeon Crawl Stone Soup version 0.24-a0-441-g27f0392e16 (webtiles) character file.

Game seed: 14932747250795515082

90231 kidcy the Demolition Hill Orc (level 16, 0/146 HPs)
             Began as a Hill Orc Fighter on June 19, 2019.
             Was an Elder of Makhleb.
             Slain by a jumping spider (4 damage)
             ... on level 1 of the Spider Nest.
             The game lasted 00:57:23 (31662 turns).

kidcy the Demolition Hill Orc (Hill Orc Fighter)   Turns: 31662, Time: 00:57:23

Health: 0/146      AC: 22    Str: 23    XL:     16   Next: 0%
Magic:  28/28      EV: 10    Int:  8    God:    Makhleb [****..]
Gold:   1315       SH: 13    Dex: 15    Spells: 15/15 levels left

rFire    . . .     SeeInvis .   v - +5 flail (crush)
rCold    . . .     Gourm    .   c - +0 shield
rNeg     . . .     Faith    .   I - +2 chain mail {rPois}
rPois    +         Spirit   .   (no helmet)
rElec    .         Reflect  .   H - +2 cloak {+Inv}
rCorr    .         Harm     .   s - +1 pair of gloves
MR       +....                  e - +0 pair of boots
Stlth    ..........             (no amulet)
HPRegen  0.34/turn              A - +2 ring of strength
MPRegen  0.21/turn              (no ring)

@: hasted, very quick
A: no striking features
a: Minor Destruction, Lesser Servant of Makhleb, Major Destruction, Renounce
Religion, Evoke Invisibility


You were on level 1 of the Spider Nest.
You worshipped Makhleb.
Makhleb was greatly pleased with you.
You were not hungry.

You visited 5 branches of the dungeon, and saw 25 of its levels.
You also visited: Gauntlet and Volcano.

You collected 2450 gold pieces.
You spent 1135 gold pieces at shops.

Inventory:

Hand Weapons
 d - a +2 flail of venom
 i - a +2 flail of holy wrath
 v - a +5 flail of crushing (weapon)
 x - a +1 great mace
 B - a +3 dire flail of freezing
Armour
 c - a +0 shield (worn)
 e - a +0 pair of boots (worn)
 s - a +1 pair of gloves (worn)
 H - a +2 cloak of invisibility (worn)
 I - a +2 chain mail of poison resistance (worn)
Jewellery
 p - an uncursed ring of ice
 A - a +2 ring of strength (left hand)
 J - an uncursed ring of wizardry
Wands
 o - a wand of scattershot (11)
 t - a wand of digging (2)
 w - a wand of paralysis (11)
 y - a wand of disintegration (17)
 z - a wand of flame (52)
 C - a wand of random effects (33)
 D - a wand of polymorph (11)
 P - a wand of enslavement (8)
Scrolls
 b - 7 scrolls of identify
 h - 4 scrolls of teleportation
 j - 12 scrolls of remove curse
 n - 2 scrolls of magic mapping
 q - 8 scrolls of enchant weapon
 G - a scroll of fog
 K - a scroll of enchant armour
 L - a scroll of brand weapon {unknown}
 M - a scroll of amnesia
Potions
 a - a potion of lignification
 k - a potion of magic
 l - 2 potions of cancellation
 r - 2 potions of mutation
 u - a potion of agility
 E - 2 potions of flight
 N - a potion of brilliance {unknown}
Comestibles
 f - 12 rations


   Skills:
 + Level 14.2 Fighting
   Level 6.6(12.3) Axes
 - Level 13.6(14.0) Maces & Flails
 - Level 12.1 Armour
 + Level 4.0 Dodging
 - Level 13.0 Shields
 * Level 17.1 Invocations


You had 15 spell levels left.
You didn't know any spells.
Your spell library contained the following spells:

 Spells                   Type           Power        Failure   Level  Hunger
 Beastly Appendage        Tmut           #.....       96%         1    ##.....
 Infusion                 Chrm           #...         96%         1    ##.....
 Shroud of Golubria       Chrm/Tloc      #.....       99%         2    ###....
 Song of Slaying          Chrm           #.......     99%         2    ###....
 Sticks to Snakes         Tmut           #.......     99%         2    ###....
 Regeneration             Chrm/Necr      #.........   100%        3    ####...
 Spectral Weapon          Hex/Chrm       #.......     100%        3    ####...
 Spider Form              Tmut/Pois      #.........   100%        3    ####...
 Ice Form                 Ice/Tmut       #.......     100%        4    #####..
 Blade Hands              Tmut           #.........   100%        5    ######.


Dungeon Overview and Level Annotations

Branches:
Dungeon (15/15)            Temple (1/1) D:7            Lair (6/6) D:10
 Shoals (0/4) Lair:3       Spider (1/4) Lair:4        Slime (0/5) Lair:6
    Orc (2/2) D:11            Elf (0/3) Orc:2        Vaults (0/5) D:13
 Depths (0/5) D:15

Altars:
Ashenzari
Cheibriados
Dithmenos
Elyvilon
Fedhas
Gozag
Kikubaaqudgha
Makhleb
Nemelex Xobeh
Okawaru
Qazlal
Ru
Sif Muna
Trog
Uskayaw
Xom
Yredelemnul
Zin
The Shining One
Beogh

Shops:
D:5 :   D:8 *   D:14 [   Orc:2 }?*!

Annotations:
D:6 1 runed translucent door, Ijustatesigmund's ghost, novice OgHu
D:9 3 runed translucent doors, exclusion: orange crystal statue
Lair:2 exclusion: oklob plant


Message History

You feel yourself slow down. You block the ufetubus's attack. x2
The demonic crawler hits you but does no damage. x2
You block the demonic crawler's attack.
The ynoxinul gestures.
The ufetubus hits you but does no damage.
The ufetubus closely misses you. The ufetubus barely misses you. x2
The ufetubus evades a web.
You feel yourself speed up.
The jumping spider leaps!
The ufetubus closely misses you.
The ufetubus hits you but does no damage.
You block the demonic crawler's attack.
The demonic crawler hits you but does no damage.
You block the demonic crawler's attack. The ufetubus closely misses you. x2
The ufetubus hits you but does no damage.
The ufetubus closely misses you.
The jumping spider leaps!
The ufetubus misses you. You block the ufetubus's attack.
The jumping spider pounces on you.
You die...

######## ###
#...##.# #.##
##...^.#######.†##
#....^.#..##s@..#
######...###.5###
#........†..5.#
##....##..#25##
#..#.#####..^.#
##..#>#.#ss#.###
#...#.#.55###.## ###
###...##....#..#
#...#...#####.#.°..#


You could see a green death, a demonic crawler, a wolf spider, a jumping spider
and 5 ufetubi.

Vanquished Creatures
  A frost giant (D:12)
  2 orc warlords (Orc:1)
  An ironheart preserver (D:13)
  A stone giant (Orc:2)
  Snorg (D:13)
  2 yaktaur captains
  A rakshasa (D:15)
  4 hydras
  A catoblepas (D:15)
  8 centaur warriors
  8 two-headed ogres
  2 tengu warriors
  An orc high priest (D:11)
  Urug (Lair:5)
  Nergalle (D:11)
  2 iron trolls (Orc:2)
  A wizard (D:11)
  Pikel (D:5)
  An orc knight (Orc:2)
  2 ugly things
  2 orb spiders (Spider:1)
  3 wolf spiders
  An oklob plant (Lair:6)
  A deep elf mage (D:15)
  2 manticores
  3 orc sorcerers (Orc:2)
  5 cyclopes
  4 elephants (Lair:4)
  10 black mambas
  6 spiny frogs
  Joseph (D:7)
  4 centaur skeletons
  A freezing wraith (D:12)
  A yaktaur (D:12)
  6 komodo dragons
  A kobold demonologist (D:10)
  A rime drake (Lair:4)
  13 trolls
  5 hornets
  A meliai (D:13)
  5 polar bears (Lair:6)
  3 jumping spiders
  2 wolf spider simulacra (D:15)
  4 slime creatures
  2 dream sheep (Lair:6)
  17 blink frogs
  7 hippogriffs
  A centaur simulacrum (D:12)
  A vampire (D:14)
  35 yaks
  A tarantella (shapeshifter) (D:12)
  5 spriggans (Lair:6)
  2 basilisks (D:14)
  A wyvern (Lair:2)
  2 redbacks (Lair:4)
  4 hogs (D:7)
  3 hungry ghosts
  A human (D:7)
  5 vampire mosquitoes
  Edmund (D:4)
  2 acid dragons
  3 soldier ants
  2 wargs (Orc:1)
  7 water moccasins
  5 porcupines
  21 orc warriors
  4 phantoms
  5 sky beasts
  4 black bears
  4 ice beasts
  4 boggarts
  2 eyes of draining
  22 wolves
  16 centaurs
  33 ogres
  12 crocodiles
  A big kobold (D:7)
  21 bullfrogs
  A gnoll sergeant (D:5)
  3 scorpions
  11 killer bees
  4 howler monkeys
  16 wights
  10 crimson imps
  A bullfrog zombie (D:13)
  5 centaur zombies
  A quasit (D:8)
  3 hounds
  4 jellies
  11 orc priests
  2 gnoll shamans
  14 orc wizards
  3 bullfrog skeletons
  An iguana (D:11)
  8 worker ants
  A hound zombie (D:5)
  2 hound skeletons
  A worker ant zombie (D:11)
  A howler monkey zombie (D:5)
  17 adders
  23 gnolls
  2 howler monkey skeletons (D:9)
  5 shadow imps
  5 oozes
  An adder zombie (D:9)
  An adder skeleton (D:5)
  A worm (D:2)
  A dart slug (D:1)
  6 leopard geckos
  59 orcs
  A giant cockroach (D:5)
  5 goblins
  5 hobgoblins
  10 jackals
  20 kobolds
  6 quokkas
  A ball python (D:2)
  9 bats
  7 frilled lizards
  A jackal skeleton (D:5)
  8 rats
  5 bushes
  2 plants
687 creatures vanquished.

Vanquished Creatures (collateral kills)
  Rupert (Lair:5)
  Kirke (Lair:5)
  A stone giant (Orc:2)
  2 ogre magi (Orc:2)
  2 two-headed ogres (Orc:2)
  A swamp dragon (Lair:1)
  A troll (Orc:2)
  A hornet (Lair:6)
  5 dream sheep (Lair:6)
  6 spriggans (Lair:6)
  6 hogs (Lair:5)
  A warg (Orc:2)
  A water moccasin (Lair:5)
  An orc warrior (Orc:2)
  2 ogres (Orc:2)
  A crocodile (Lair:6)
  An orc wizard (Orc:2)
  13 orcs (Orc:2)
47 creatures vanquished.

Vanquished Creatures (others)
  A spriggan (Lair:6)
  A slave (D:5)
  A wolf (Lair:6)
  3 gnolls (D:5)
  A worm (D:5)
  A ball python (D:5)
  15 fungi
  9 plants
32 creatures vanquished.

Grand Total: 766 creatures vanquished

Notes
Turn   | Place    | Note
-------+----------+-------------------------------------------
     0 | D:1      | kidcy the Hill Orc Fighter began the quest for the Orb.
     0 | D:1      | Reached XP level 1. HP: 19/19 MP: 1/1
   319 | D:1      | Reached XP level 2. HP: 27/27 MP: 2/2
   569 | D:1      | Reached XP level 3. HP: 33/33 MP: 3/3
  1391 | D:2      | Reached XP level 4. HP: 40/40 MP: 4/4
  1435 | D:2      | Found a faded altar of an unknown god.
  2098 | D:3      | Noticed a centaur
  2345 | D:3      | Killed a centaur
  2345 | D:3      | Reached XP level 5. HP: 32/47 MP: 5/5
  2497 | D:3      | Reached skill level 5 in Axes
  2749 | D:3      | Reached XP level 6. HP: 23/53 MP: 6/6
  3314 | D:4      | Noticed a phantom
  3346 | D:4      | Killed a phantom
  3346 | D:4      | Reached skill level 5 in Fighting
  3551 | D:4      | Noticed Edmund
  3566 | D:4      | Killed Edmund
  3566 | D:4      | Reached XP level 7. HP: 16/61 MP: 7/7
  4030 | D:5      | Entered Level 5 of the Dungeon
  4048 | D:5      | Reached skill level 1 in Maces & Flails
  4048 | D:5      | Reached skill level 5 in Armour
  4048 | D:5      | Reached skill level 5 in Shields
  4553 | D:5      | Reached XP level 8. HP: 30/70 MP: 8/8
  4996 | D:5      | Noticed Pikel
  5009 | D:5      | Killed Pikel
  5009 | D:5      | Reached skill level 5 in Maces & Flails
  5517 | D:5      | Found Dutups's Book Emporium.
  5561 | D:5      | Reached XP level 9. HP: 70/79 MP: 9/9
  5980 | D:6      | Noticed Ijustatesigmund's ghost (novice OgHu)
  5983 | D:6      | Found a runed translucent door.
  6138 | D:6      | Found a white marble altar of Elyvilon.
  6580 | D:7      | Found a staircase to the Ecumenical Temple.
  6622 | Temple   | Entered the Ecumenical Temple
  6675 | Temple   | Became a worshipper of Makhleb the Destroyer
  7227 | D:7      | Found an opulent altar of Gozag.
  7270 | D:7      | Noticed Joseph
  7282 | D:7      | Killed Joseph
  7326 | D:7      | Reached * piety under Makhleb
  7826 | D:7      | Reached XP level 10. HP: 87/88 MP: 10/10
  7843 | D:7      | Found a glowing golden altar of the Shining One.
  8314 | D:8      | Reached skill level 1 in Invocations
  8333 | D:8      | Found a hide-covered altar of Uskayaw.
  8438 | D:8      | Found a sacrificial altar of Ru.
  8441 | D:8      | Reached ** piety under Makhleb
  8619 | D:8      | Reached skill level 2 in Invocations
  8649 | D:8      | Found Nuicepul's General Store.
  8654 | D:8      | Bought a potion of heal wounds for 80 gold pieces
  8654 | D:8      | Bought a wand of digging (6) for 320 gold pieces
  8747 | D:8      | Found a bloodstained altar of Trog.
  8912 | D:8      | Found a glowing silver altar of Zin.
  8912 | D:8      | Found a snail-covered altar of Cheibriados.
  8966 | D:9      | Noticed a two-headed ogre
  8975 | D:9      | Killed a two-headed ogre
  8975 | D:9      | Reached skill level 3 in Invocations
  9001 | D:9      | Noticed a centaur warrior
  9009 | D:9      | Killed a centaur warrior
  9009 | D:9      | Reached skill level 4 in Invocations
  9054 | D:9      | Found a runed translucent door.
  9123 | D:9      | Found a runed translucent door.
  9158 | D:9      | Reached XP level 11. HP: 92/97 MP: 14/14
  9164 | D:9      | Reached skill level 5 in Invocations
  9238 | D:9      | Found a runed translucent door.
  9254 | D:9      | Paralysed by a hornet for 2 turns
  9258 | D:9      | Reached skill level 10 in Maces & Flails
  9392 | D:9      | Found a runed translucent door.
  9437 | D:9      | Noticed an orange crystal statue
  9642 | D:9      | Found a shimmering altar of Xom.
  9643 | D:9      | Found a shimmering altar of Xom.
  9644 | D:9      | Found a shimmering altar of Xom.
  9644 | D:9      | Found a shimmering altar of Xom.
  9644 | D:9      | Found a shimmering altar of Xom.
  9645 | D:9      | Found a shimmering altar of Xom.
  9645 | D:9      | Found a shimmering altar of Xom.
  9738 | D:9      | Reached *** piety under Makhleb
  9765 | D:9      | Reached skill level 6 in Invocations
  9879 | D:9      | Found a shimmering altar of Xom.
 10045 | D:10     | Entered Level 10 of the Dungeon
 10045 | D:10     | Found a staircase to the Lair.
 10400 | D:11     | Reached skill level 7 in Invocations
 10434 | D:11     | Noticed a cyan ugly thing
 10444 | D:11     | Killed a cyan ugly thing
 10625 | D:11     | Reached **** piety under Makhleb
 10644 | D:11     | Reached skill level 10 in Fighting
 10968 | D:11     | Reached skill level 8 in Invocations
 11030 | D:11     | Noticed Nergalle
 11046 | D:11     | Killed Nergalle
 11046 | D:11     | Reached XP level 12. HP: 101/106 MP: 18/18
 11606 | D:11     | Found a staircase to the Orcish Mines.
 11641 | D:12     | Reached skill level 9 in Invocations
 12352 | D:12     | Noticed a two-headed ogre
 12360 | D:12     | Killed a two-headed ogre
 12444 | D:12     | Reached ***** piety under Makhleb
 13075 | D:12     | Reached skill level 10 in Shields
 13076 | D:12     | Noticed a frost giant
 13521 | Lair:1   | Entered Level 1 of the Lair of Beasts
 13521 | Lair:1   | Noticed a four-headed hydra
 13526 | Lair:1   | Reached skill level 10 in Armour
 13526 | Lair:1   | Reached skill level 10 in Invocations
 13530 | Lair:1   | Killed a four-headed hydra
 14386 | Lair:1   | HP: 5/110 [poison (poison gas)]
 14391 | Lair:1   | HP: 3/110 [poison (poison gas)]
 14397 | Lair:1   | HP: 2/110 [poison (poison gas)]
 14405 | Lair:1   | HP: 2/110 [poison (poison gas)]
 14413 | Lair:1   | HP: 2/110 [poison (poison gas)]
 14877 | Lair:2   | Reached XP level 13. HP: 61/116 MP: 21/21
 15308 | Lair:2   | Reached skill level 11 in Invocations
 16971 | Lair:3   | Found a gate leading to a gauntlet.
 17022 | Gauntlet | Entered a Gauntlet
 17022 | Gauntlet | Found a transporter.
 17026 | Gauntlet | Found a transporter.
 17027 | Gauntlet | Found a transporter.
 17083 | Lair:3   | Found a dark tunnel.
 17091 | Volcano  | Entered a volcano
 17589 | Lair:3   | Reached skill level 12 in Invocations
 17614 | Lair:3   | Found a staircase to the Shoals.
 18753 | Orc:1    | Entered Level 1 of the Orcish Mines
 19298 | Orc:2    | Entered Level 2 of the Orcish Mines
 19396 | Orc:2    | Noticed an orc warlord
 19802 | Orc:1    | Killed an orc warlord
 20209 | Orc:2    | Noticed a stone giant
 20211 | Orc:2    | Found Wuluuh's Gadget Emporium.
 20273 | Orc:2    | Killed a stone giant
 20273 | Orc:2    | Noticed a stone giant
 20276 | Orc:2    | Killed a stone giant
 20276 | Orc:2    | Reached XP level 14. HP: 73/126 MP: 23/23
 20289 | Orc:2    | Reached skill level 13 in Invocations
 20371 | Orc:2    | Found Cuxiret's Magic Scroll Shoppe.
 20380 | Orc:2    | Found Datesewk's Distillery.
 20392 | Orc:2    | Found Wuv Jaz's Assorted Antiques.
 20751 | Orc:2    | Bought 3 scrolls of teleportation for 99 gold pieces
 20751 | Orc:2    | Bought 2 scrolls of fear for 77 gold pieces
 20776 | Orc:2    | Bought a potion of haste for 140 gold pieces
 20776 | Orc:2    | Bought a potion of haste for 140 gold pieces
 20776 | Orc:2    | Bought a potion of curing for 42 gold pieces
 20795 | Orc:2    | Bought a scroll of teleportation for 57 gold pieces
 20828 | Orc:2    | Found a roughly hewn altar of Beogh.
 21087 | Orc:2    | Found a staircase to the Elven Halls.
 21088 | Orc:2    | Noticed an orc warlord
 21529 | Orc:1    | Killed an orc warlord
 21529 | Orc:1    | Reached skill level 14 in Invocations
 21925 | D:12     | Killed a frost giant
 22182 | D:12     | Found the +8 glaive of the Guard {elec, +Rage AC+5 SInv}
 22707 | D:13     | Noticed Snorg
 22744 | D:13     | Killed Snorg
 22946 | D:13     | Found a gate to the Vaults.
 22946 | D:13     | Noticed an ironheart preserver
 22959 | D:13     | Killed an ironheart preserver
 23388 | D:14     | Reached skill level 15 in Invocations
 23526 | D:14     | Found Sysagoul's Antique Armour Emporium.
 23534 | D:14     | Bought a glowing cloak for 180 gold pieces
 23676 | D:14     | Found a shattered altar of Ashenzari.
 24047 | D:14     | Reached XP level 15. HP: 63/135 MP: 26/26
 24484 | D:15     | Entered Level 15 of the Dungeon
 24499 | D:15     | Reached skill level 1 in Dodging
 24759 | D:15     | Found a sparkling altar of Nemelex Xobeh.
 25829 | Lair:4   | Found a hole to the Spider Nest.
 26671 | Lair:5   | Noticed Kirke
 26686 | Lair:5   | Killed Kirke
 26686 | Lair:5   | Reached skill level 16 in Invocations
 26960 | Lair:5   | Noticed Rupert
 26970 | Lair:5   | Killed Rupert
 27291 | Lair:5   | Noticed Urug
 27300 | Lair:5   | Killed Urug
 27660 | Lair:6   | Entered Level 6 of the Lair of Beasts
 29069 | Lair:6   | Found a staircase to the Slime Pits.
 30969 | D:15     | Found a staircase to the Depths.
 30977 | D:15     | Reached skill level 17 in Invocations
 31443 | Spider:1 | Entered Level 1 of the Spider Nest
 31530 | Spider:1 | Reached XP level 16. HP: 119/146 MP: 28/28
 31662 | Spider:1 | Slain by a jumping spider

Levels and vault maps discovered:
D:1:      psy_arrival_spokes, layout_loops_ring, grunt_decor_resistance
D:2:      layout_basic, chequers_ecumenical_altar_grove, first_ration,
          minmay_circle_x
D:3:      layout_rooms
D:4:      layout_gridville, kennysheep_cross_room, uniq_edmund
D:5:      layout_basic, serial_shops, nicolae_shop_statue_plus,
          water_maze_lemuel, uniq_pikel
D:6:      layout_loops_ring, lemuel_round_altar, hellmonk_ghost_happy_afterlife,
          grunt_tough_drop
D:7:      layout_gridville, tso_oasis_becter, lemuel_round_altar,
          temple_statues, grunt_livestock, uniq_joseph
D:8:      layout_loops_ring, nicolae_overflow_crystal_walls,
          nicolae_ru_awakened_eye, gammafunk_temple_overflow_statue,
          basic_altar, serial_shops, shop
D:9:      layout_cave_pods, xom_shifter_show,
          hangedman_abyss_or_decor_lesser_grid, minmay_statue_crystal_thing
D:10:     layout_roguey, lair_entry_dummy, small_chamber_with_monster
D:11:     layout_rooms, orc_0_dummy, lightli_wizard_tower, uniq_nergalle
D:12:     minmay_guarded_unrand_guard, layout_irregular_city
D:13:     layout_basic, skrybe_vaults_entry_preservation, uniq_snorg
D:14:     layout_irregular_city, serial_shops, shop, ashenzari_altar_1
D:15:     grunt_enter_depths_snipers, layout_stronghold, minivault_24,
          basic_altar
Temple:   jpeg_temple_clearing
Lair:1:   layout_roguey, hibernation_bobbens, grunt_megastairs_4
Lair:2:   layout_layer_cave, minmay_lair_oklob_chamber, grunt_megastairs_2,
          serial_bayou_shore_b
Lair:3:   minmay_lair_venomous_thicket, layout_regular_city, shoals_dummy_entry,
          gauntlet_entry_generic, lightli_volcano_entry_magma_tube,
          serial_bayou_shore_b
Lair:4:   layout_roguey, spider_nest_entry_funnel_web
Lair:5:   layout_small_grid, lemuel_fruit_fields, uniq_kirke, uniq_urug,
          uniq_rupert
Lair:6:   minmay_lair_end_enchanted_forest, layout_cave_shapes,
          nicolae_slime_entry_slimehenge, minmay_lair_oklob_bushes,
          lemuel_fruit_tree
Spider:1: layout_spider_delve, uniq_agnes
Orc:1:    layout_diamond_mine
Orc:2:    st_orc_open, layout_diamond_mine, mines2_david

Skill      XL: |  1  2  3  4  5  6  7  8  9 10 11 12 13 14 15 |
---------------+----------------------------------------------+-----
Axes           | 3 4 5 6 |  6.6
Fighting       | 4 5 6 7 8 9 10 11 12 13 14 | 14.2
Armour         | 4 5 6 7 8 9 10 11 12 | 12.1
Shields        | 4 5 6 7 8 9 10 11 12 13 | 13.0
Maces & Flails | 3 5 7 9 11 12 13 | 13.6
Invocations    | 4 8 10 12 15 17 | 17.1
Dodging        | 4 |  4.0

Action                   |  1- 3 |  4- 6 |  7- 9 | 10-12 | 13-15 | 16-18 || total
-------------------------+-------+-------+-------+-------+-------+-------++-------
Melee: War axe           |   108 |   133 |       |       |       |       ||   241
       Flail             |       |       |   304 |   416 |   731 |    16 ||  1467
       Dire flail        |       |       |       |   373 |    39 |       ||   412
       Great mace        |       |       |       |       |   782 |       ||   782
       Unarmed           |       |       |       |       |     2 |       ||     2
Invok: Lesser Servant of |       |       |       |     3 |    20 |     2 ||    25
       Major Destruction |       |       |       |       |    19 |     2 ||    21
       Greater Servant o |       |       |       |       |     4 |     1 ||     5
Evoke: Wand              |       |       |       |     5 |    13 |       ||    18
  Use: Potion            |       |     2 |     7 |     3 |    12 |     6 ||    30
       Scroll            |       |       |    13 |     1 |    21 |     1 ||    36
 Stab: Paralysed         |       |       |       |     8 |     4 |       ||    12
       Distracted        |       |       |       |     1 |     2 |       ||     3
  Eat: Chunk             |     2 |       |     3 |    13 |    12 |       ||    30
       Ration            |       |     2 |     3 |     6 |    12 |     1 ||    24
Armor: Scale mail        |    40 |    57 |    95 |       |       |       ||   192
       Chain mail        |       |       |    45 |   340 |   834 |    32 ||  1251
       Plate armour      |       |       |       |       |   130 |       ||   130
       Skin              |       |       |       |       |    13 |     5 ||    18
Dodge: Dodged            |    30 |    50 |    95 |   214 |   643 |    23 ||  1055
Block: Shield            |    55 |    72 |   156 |   229 |   360 |    33 ||   905

Table legend:
 A = Non-vault XP
 B = Vault XP
 C = Vault XP percentage of total XP
 D = Non-vault monster count
 E = Vault monster count
 F = Vault count percentage of total count
                 A         B        C        D         E       F
            +---------+---------+-------+---------+---------+-------
      Total |   80284 |   48618 |  37.7 |     562 |     166 |  22.8
            +---------+---------+-------+---------+---------+-------
        D:1 |      45 |       0 |   0.0 |      20 |       0 |   0.0
        D:2 |      30 |      17 |  36.2 |      17 |       6 |  26.1
        D:3 |     263 |       0 |   0.0 |      19 |       0 |   0.0
        D:4 |     222 |     171 |  43.5 |      10 |       1 |   9.1
        D:5 |    1076 |     641 |  37.3 |      27 |       1 |   3.6
        D:6 |     399 |     147 |  26.9 |      10 |       2 |  16.7
        D:7 |    1304 |    1349 |  50.8 |      35 |       6 |  14.6
        D:8 |    1377 |       0 |   0.0 |      36 |       0 |   0.0
        D:9 |    6287 |       0 |   0.0 |      42 |       0 |   0.0
       D:10 |     348 |     364 |  51.1 |      11 |       1 |   8.3
       D:11 |    6411 |    1551 |  19.5 |      58 |       3 |   4.9
       D:12 |    4518 |    5733 |  55.9 |      24 |      11 |  31.4
       D:13 |    1244 |    5313 |  81.0 |       4 |      10 |  71.4
       D:14 |    5730 |       0 |   0.0 |      33 |       0 |   0.0
       D:15 |   10512 |    2445 |  18.9 |      34 |       3 |   8.1
     Lair:1 |    3993 |     798 |  16.7 |      18 |       3 |  14.3
     Lair:2 |    6992 |     266 |   3.7 |      30 |       1 |   3.2
     Lair:3 |    3593 |    1382 |  27.8 |      10 |      12 |  54.5
     Lair:4 |    5124 |    1537 |  23.1 |      15 |       5 |  25.0
     Lair:5 |    3828 |    4415 |  53.6 |      16 |      12 |  42.9
     Lair:6 |    4339 |    6578 |  60.3 |      21 |      42 |  66.7
   Spider:1 |    2483 |       0 |   0.0 |       5 |       0 |   0.0
      Orc:1 |    5011 |    1036 |  17.1 |      22 |       2 |   8.3
      Orc:2 |    5155 |   14875 |  74.3 |      45 |      45 |  50.0
            +---------+---------+-------+---------+---------+-------
